[Event "Titled Tuesday Blitz August 08 Late 2023"]
[White "Hoang, Thi Bao Tram"]
[Black "Sari, Yasin"]
[WhiteFideId "12401102"]
[BlackFideId "6320902"]
[WhiteElo "2660"]
[BlackElo "2384"]
[Result "1-0"]
[Round "6"]
[TimeControl "180+1"]
[Date "2023.08.08"]
[WhiteClock "0:00:38"]
[BlackClock "0:00:02"]
[Board "98"]

1. d4 Nf6 2. Nf3 d6 3. g3 Bf5 4. Bg2 Nbd7 5. Nc3 Ne4 6. Nh4 Nxc3 7. bxc3 Bg4 8. Bxb7 Rb8 9. Bg2 Nb6 10. h3 Bd7 11. O-O g6 12. f4 Na4 13. Qd3 Bg7 14. e4 c5 15. Nf3 O-O 16. Be3 Bb5 17. Qd2 Bxf1 18. Bxf1 Qc7 19. e5 Rfc8 20. Bd3 cxd4 21. cxd4 Nb2 22. Ba6 Rd8 23. Qe2 Na4 24. Bc4 Rbc8 25. Bb3 Nb6 26. Ng5 e6 27. Ne4 dxe5 28. fxe5 Nc4 29. Bf2 Nxe5 30. dxe5 Bxe5 31. Rf1 a5 32. Qf3 Qe7 33. Be3 f5 34. Ng5 Rc3 35. Nxe6 Kh8 36. Nxd8 Bd4 37. Bxd4+ 1-0


[Site "https://www.chess.com"]

[Event "Titled Tuesday Blitz August 08 Late 2023"]
[White "Beulen, Marcel"]
[Black "Fisher_TheGalactic"]
[WhiteFideId "1001450"]
[WhiteElo "2384"]
[BlackElo "2643"]
[Result "0-1"]
[Round "6"]
[TimeControl "180+1"]
[Date "2023.08.08"]
[WhiteClock "0:00:00"]
[BlackClock "0:00:06"]
[Board "99"]

1. e4 c5 2. Nf3 d6 3. Bb5+ Bd7 4. Bxd7+ Nxd7 5. O-O Ngf6 6. Qe2 e5 7. c3 g6 8. d4 Bg7 9. dxe5 dxe5 10. Bg5 O-O 11. Nbd2 h6 12. Bxf6 Qxf6 13. Rad1 Rad8 14. Nc4 Qe6 15. Rd6 Qe7 16. Rfd1 Nb6 17. Rxd8 Rxd8 18. Rxd8+ Qxd8 19. Nxb6 Qxb6 20. b3 Qa5 21. Qd2 b5 22. c4 Qb6 23. Qd5 bxc4 24. Qxc4 g5 25. h3 Qa5 26. a4 h5 27. g4 hxg4 28. hxg4 Bf6 29. Kg2 Qb6 30. Qd5 Qc7 31. Kg3 Kg7 32. Nd2 Qb8 33. Nf1 Qh8 34. Kg2 Qc8 35. Ng3 Kg6 36. Nf5 Qc7 37. Nd6 Qd7 38. Nc4 Qxg4+ 39. Kf1 Qh3+ 40. Kg1 Qg4+ 41. Kf1 Qf3 42. Nxe5+ Bxe5 43. Qxe5 Qxb3 44. Qf5+ Kh6 45. e5 Qc4+ 46. Kg1 Qf4 47. Qh3+ Kg7 48. Qc3 Qd4 49. Qg3 Kg6 0-1


[Site "https://www.chess.com"]

[Event "Titled Tuesday Blitz August 08 Late 2023"]
[White "Ncatt"]
[Black "Salemgareev, Tagir"]
[BlackFideId "24199052"]
[WhiteElo "2380"]
[BlackElo "2631"]
[Result "0-1"]
[Round "6"]
[TimeControl "180+1"]
[Date "2023.08.08"]
[WhiteClock "0:00:14"]
[BlackClock "0:00:16"]
[Board "100"]

1. e4 c5 2. Nf3 d6 3. Bb5+ Bd7 4. Bxd7+ Nxd7 5. O-O Ngf6 6. Qe2 g6 7. b3 Bg7 8. Bb2 O-O 9. c4 a6 10. d4 cxd4 11. Nxd4 Qa5 12. Nc3 Rfe8 13. a3 Qh5 14. Qxh5 Nxh5 15. Nd5 Rac8 16. g4 Nhf6 17. f3 Nc5 18. Ne3 Nfd7 19. Rab1 Ne5 20. Ba1 Rb8 21. a4 Rbc8 22. Nd5 e6 23. Ne3 Ncd3 24. Ne2 Nb4 25. Kg2 Bh6 26. f4 Ned3 27. g5 Bf8 28. Ng4 Bg7 29. h4 Nc5 30. Bxg7 Kxg7 31. Nf6 Red8 32. h5 h6 33. Rh1 Rh8 34. Ng4 hxg5 35. h6+ Kf8 36. fxg5 Nxe4 37. Rhf1 Nxg5 38. Nd4 Ke7 39. Rbe1 f5 40. Ne3 Kd7 41. Rh1 Nd3 42. Rd1 Nf4+ 43. Kg3 Nh5+ 44. Kg2 Rxh6 45. b4 Nf4+ 46. Kg3 Rxh1 47. Rxh1 Nh5+ 48. Kh4 Ne4 49. Kh3 Nf2+ 50. Kg2 Nxh1 51. Kxh1 f4 52. Nec2 Rxc4 53. Kg2 e5 54. Kf3 exd4 0-1


[Site "https://www.chess.com"]

[Event "Titled Tuesday Blitz August 08 Late 2023"]
[White "Rosen, Eric"]
[Black "Eggleston, Thomas A"]
[WhiteFideId "2032562"]
[BlackFideId "412139"]
[WhiteElo "2606"]
[BlackElo "2379"]
[Result "0-1"]
[Round "6"]
[TimeControl "180+1"]
[Date "2023.08.08"]
[WhiteClock "0:00:00"]
[BlackClock "0:00:27"]
[Board "101"]

1. Nf3 e6 2. e3 f5 3. b3 Nf6 4. Bb2 Be7 5. c4 O-O 6. Nc3 b6 7. Be2 Bb7 8. Qc2 Ne4 9. h3 Bf6 10. Rg1 c5 11. g4 Bxc3 12. Bxc3 Nxc3 13. Qxc3 f4 14. O-O-O d5 15. Ne5 Nc6 16. Nxc6 Bxc6 17. Qe5 f3 18. Bd3 dxc4 19. Qxe6+ Kh8 20. Bxc4 b5 21. Qxc6 bxc4 22. Kc2 Qd3+ 23. Kb2 Rab8 24. Qxc5 cxb3 25. Qc3 bxa2+ 26. Ka1 Qe2 27. Rgf1 Rfc8 28. Qd4 Qa6 0-1


[Site "https://www.chess.com"]

[Event "Titled Tuesday Blitz August 08 Late 2023"]
[White "Veiga, Jose Francisco R P Neves"]
[Black "Necromon"]
[WhiteFideId "1930087"]
[WhiteElo "2565"]
[BlackElo "2378"]
[Result "1-0"]
[Round "6"]
[TimeControl "180+1"]
[Date "2023.08.08"]
[WhiteClock "0:00:19"]
[BlackClock "0:00:39"]
[Board "102"]

1. e4 c5 2. Nf3 Nc6 3. d4 cxd4 4. Nxd4 g6 5. Nc3 Bg7 6. Nb3 d6 7. Bc4 Nf6 8. O-O O-O 9. Re1 Ne5 10. Bf1 Be6 11. Nd5 Rc8 12. Bg5 Bxd5 13. exd5 Nc4 14. Bxc4 Rxc4 15. Qe2 Rc7 16. Rad1 Qc8 17. c3 Re8 18. Qf3 Nd7 19. Qe3 a6 20. Bh6 b5 21. Bxg7 Kxg7 22. Rd4 Rc4 23. Na5 Rxd4 24. Qxd4+ Nf6 25. Nc6 Qf5 26. Rd1 h5 27. h3 e5 28. dxe6 Rxe6 29. Nb4 Kh7 30. Nxa6 Re4 31. Qxd6 h4 32. Nb4 Nh5 33. Qd5 Re5 34. Qd3 Qg5 35. Nd5 f5 36. Qxb5 Nf4 37. Qd7+ Kh6 38. Nxf4 Qxf4 39. Qd2 Kg5 40. Qxf4+ Kxf4 41. Rd4+ Kg5 42. Rd2 Kf6 43. Kf1 g5 44. b4 g4 45. Rb2 Kg5 46. b5 Re7 47. b6 Rb7 48. c4 f4 49. c5 f3 50. hxg4 Kxg4 51. Rb4+ Kg5 52. c6 Ra7 53. bxa7 1-0


[Site "https://www.chess.com"]

[Event "Titled Tuesday Blitz August 08 Late 2023"]
[White "Mendez Fortes, Eduardo Jesus"]
[Black "Korpics, Zsolt"]
[WhiteFideId "3502376"]
[BlackFideId "705241"]
[WhiteElo "2551"]
[BlackElo "2377"]
[Result "0-1"]
[Round "6"]
[TimeControl "180+1"]
[Date "2023.08.08"]
[WhiteClock "0:00:00"]
[BlackClock "0:00:04"]
[Board "103"]

1. a3 d5 2. d4 Nf6 3. Nf3 Bf5 4. c4 e6 5. Nc3 c6 6. Bg5 h6 7. Bh4 Be7 8. e3 O-O 9. Be2 Nbd7 10. c5 Ne4 11. Nxe4 dxe4 12. Bxe7 Qxe7 13. Nd2 e5 14. Nb3 Rad8 15. O-O Nf6 16. Qc1 Be6 17. dxe5 Bxb3 18. exf6 Qxf6 19. Re1 Rd7 20. a4 Rfd8 21. Ra3 Be6 22. b4 Rd2 23. Rc3 Bg4 24. Rc2 Rxc2 25. Qxc2 Bxe2 26. Qxe2 Qc3 27. Rb1 Rd2 28. Qg4 Qc4 29. h4 g6 30. h5 g5 31. b5 Qd3 32. Rf1 cxb5 33. Qc8+ Kg7 34. Qxb7 bxa4 35. c6 Rc2 36. c7 Qc3 37. Qxe4 Qxc7 38. Qxa4 a5 39. Qd4+ f6 40. Qa1 Qc5 41. Rd1 Kf7 0-1


[Site "https://www.chess.com"]

[Event "Titled Tuesday Blitz August 08 Late 2023"]
[White "Real_taiatai"]
[Black "Slaby, Jerzy"]
[BlackFideId "1121405"]
[WhiteElo "2366"]
[BlackElo "2541"]
[Result "0-1"]
[Round "6"]
[TimeControl "180+1"]
[Date "2023.08.08"]
[WhiteClock "0:00:02"]
[BlackClock "0:01:05"]
[Board "104"]

1. d4 Nf6 2. c4 g6 3. Nc3 Bg7 4. e4 d6 5. Be2 O-O 6. Nf3 e5 7. O-O Nc6 8. Be3 Ng4 9. Bg5 Bf6 10. Bxf6 Nxf6 11. dxe5 dxe5 12. Qxd8 Rxd8 13. Nd5 Nxe4 14. Nxc7 Rb8 15. Rad1 Bg4 16. Nd5 Kg7 17. Rfe1 Nc5 18. b4 Na4 19. b5 Bxf3 20. Bxf3 Nd4 21. Rxe5 Nxf3+ 22. gxf3 Rbc8 23. Rd4 Nb2 24. Re7 Rxc4 25. Rxc4 Nxc4 26. Nf4 Rd4 27. Ne6+ Kf6 28. Rxb7 Kxe6 29. Rxa7 Rd6 30. a4 Rd1+ 31. Kg2 Rb1 32. Rc7 Nd6 33. Rc6 h5 34. h4 Kd5 35. Ra6 Rb4 36. Kg3 Nf5+ 37. Kg2 Nxh4+ 38. Kh3 Nxf3 39. Rf6 Ne5 40. f4 Rb3+ 41. Kh2 Ng4+ 0-1


[Site "https://www.chess.com"]

[Event "Titled Tuesday Blitz August 08 Late 2023"]
[White "Janaszak, Dawid"]
[Black "K2JW"]
[WhiteFideId "1119206"]
[WhiteElo "2536"]
[BlackElo "2364"]
[Result "1-0"]
[Round "6"]
[TimeControl "180+1"]
[Date "2023.08.08"]
[WhiteClock "0:00:40"]
[BlackClock "0:00:00"]
[Board "105"]

1. c4 e6 2. Nc3 d5 3. d4 Nf6 4. g4 Nxg4 5. e4 Qh4 6. Nh3 dxe4 7. Bf4 Nxf2 8. Nxf2 Qxf4 9. Nfxe4 Bb4 10. Qa4+ Nc6 11. Bg2 Qe3+ 12. Kf1 Qxd4 13. Bf3 O-O 14. Rd1 Qe5 15. Rg1 Nd4 16. Rxd4 Qxd4 17. Qxb4 f5 18. Nf2 c5 19. Qb3 e5 20. Bd5+ Kh8 21. Ne2 Qh4 22. Qc3 Qe7 23. Nd3 e4 24. Ne5 Be6 25. Nf4 Bxd5 26. Nxd5 Qe6 27. Nd7 1-0


[Site "https://www.chess.com"]

[Event "Titled Tuesday Blitz August 08 Late 2023"]
[White "Czerw, Dawid"]
[Black "Kostiukov, Alexandr"]
[WhiteFideId "1145746"]
[BlackFideId "14108100"]
[WhiteElo "2527"]
[BlackElo "2363"]
[Result "1/2-1/2"]
[Round "6"]
[TimeControl "180+1"]
[Date "2023.08.08"]
[WhiteClock "0:00:11"]
[BlackClock "0:00:14"]
[Board "106"]

1. e4 c5 2. Nf3 g6 3. d4 cxd4 4. Qxd4 Nf6 5. Nc3 Nc6 6. Qa4 d6 7. e5 dxe5 8. Nxe5 Bg7 9. Bb5 O-O 10. Bxc6 bxc6 11. O-O Qc7 12. Re1 Nd5 13. Nxd5 cxd5 14. Bf4 Qb6 15. Qb3 e6 16. c3 Re8 17. Rad1 Ba6 18. Qxb6 axb6 19. Nd7 Bb5 20. Nxb6 Rxa2 21. Rd2 Bc6 22. c4 Rxb2 23. Rxb2 Bxb2 24. cxd5 Bb5 25. dxe6 Rxe6 26. Rxe6 fxe6 27. Nc8 Bc4 28. Nd6 Bd5 29. Be3 Kg7 30. f3 Kf6 31. Kf2 h5 32. h4 Ke5 33. Nf7+ Kf6 34. Ng5 Bc3 35. Nh3 Bb2 36. Ng1 Ba1 37. Ne2 Ke5 38. Bf4+ Kf6 39. Bg5+ Kf7 40. g4 hxg4 41. fxg4 Bc4 42. Ng3 Bd4+ 43. Kf3 Bd5+ 44. Ke2 Be5 45. Nf1 Bc4+ 46. Kf2 Bd4+ 47. Be3 Bf6 48. g5 Be5 49. Nd2 Bd3 50. Nf3 Bg7 51. Bd4 Bf5 52. Bxg7 Kxg7 53. Ke3 Kf7 54. Kd4 Ke7 55. Ke5 Kd7 56. Nd4 Ke7 57. Nb3 Kd7 58. Nc5+ Ke7 59. Nb3 Bh3 60. Na5 Bf5 61. Nc4 Bh3 62. Nd6 Bf5 63. Nb5 Bh3 64. Na7 Bf5 65. Nc6+ Kf7 66. Nd4 Bh3 67. Kf4 Bf5 68. Nf3 Ke7 69. Ne5 Kd6 70. Nf7+ Ke7 71. Nh6 Kf8 72. Nxf5 exf5 73. h5 Kg7 74. h6+ Kh7 75. Ke5 Kg8 76. Kd5 Kh7 77. Kd4 Kh8 78. Ke5 Kh7 79. Kf4 Kg8 80. Kf3 Kh7 81. Ke3 Kh8 82. Kd3 Kh7 83. Kc3 Kh8 84. Kd4 Kh7 85. Ke5 Kh8 86. Kf4 Kh7 87. Kf3 Kh8 88. Kg3 Kh7 89. Kh4 Kh8 90. Kh3 Kh7 91. Kh2 Kh8 92. Kg2 Kh7 93. Kf3 Kh8 94. Kf4 Kh7 1/2-1/2


[Site "https://www.chess.com"]

[Event "Titled Tuesday Blitz August 08 Late 2023"]
[White "Hoffmann, Asa"]
[Black "Bettalli, Francesco"]
[WhiteFideId "2001470"]
[BlackFideId "2816453"]
[WhiteElo "2358"]
[BlackElo "2520"]
[Result "0-1"]
[Round "6"]
[TimeControl "180+1"]
[Date "2023.08.08"]
[WhiteClock "0:00:16"]
[BlackClock "0:00:09"]
[Board "107"]

1. d4 Nf6 2. Bg5 Ne4 3. Bf4 d5 4. f3 Nf6 5. e4 dxe4 6. Nc3 c5 7. dxc5 Qa5 8. Qd2 Qxc5 9. fxe4 e5 10. Be3 Qa5 11. Nf3 Bb4 12. Bd3 O-O 13. O-O Nc6 14. h3 Rd8 15. a3 Bxc3 16. Qxc3 Qxc3 17. bxc3 h6 18. Rab1 b6 19. Bb5 Bb7 20. Nd2 Na5 21. Bd3 Rac8 22. c4 Ba6 23. Bxh6 Nxc4 24. Nxc4 Bxc4 25. Bg5 Bxd3 26. cxd3 Rc6 27. Rb3 Rd4 28. Bxf6 gxf6 29. Rf3 Kf8 30. Kf2 Ke7 31. Ke3 Rc2 32. Rf2 Rc1 33. Ke2 Ke6 34. Rf1 Rc2+ 35. Kf3 Rd2 36. h4 R2xd3+ 37. Rxd3 Rxd3+ 38. Kg4 Re3 39. h5 Rxe4+ 40. Kg3 Re3+ 41. Kg4 f5+ 42. Kh4 Re4+ 43. Kh3 Kf6 44. h6 f4 45. Rc1 Kg6 46. Rc6+ f6 47. Kg4 Re3 48. h7 Rg3+ 49. Kh4 Rxg2 50. Rxf6+ Kxh7 51. Rf5 Re2 52. Kg5 Kg7 53. Kg4 Re3 54. Rh5 Kf6 55. Rh6+ Ke7 56. Rh7+ Ke6 57. Rh6+ Kd5 58. Rh5 Rg3+ 59. Kh4 Rg8 60. Rh7 f3 61. Rf7 Ke4 62. Kh3 Ke3 63. Rf5 e4 64. a4 f2 65. a5 Ke2 66. axb6 axb6 67. Rf4 e3 0-1


[Site "https://www.chess.com"]

[Event "Titled Tuesday Blitz August 08 Late 2023"]
[White "Dragomirescu, Robin-Alexandru"]
[Black "Pavlidou, Ekaterini"]
[WhiteFideId "1213849"]
[BlackFideId "4213262"]
[WhiteElo "2506"]
[BlackElo "2357"]
[Result "1-0"]
[Round "6"]
[TimeControl "180+1"]
[Date "2023.08.08"]
[WhiteClock "0:00:20"]
[BlackClock "0:00:23"]
[Board "108"]

1. b3 c5 2. e4 Nc6 3. Bb2 d6 4. Bb5 Bd7 5. f4 a6 6. Bxc6 Bxc6 7. Nc3 e6 8. Nf3 Nf6 9. d4 Nxe4 10. Nxe4 Bxe4 11. Qe2 d5 12. Ng5 Bg6 13. dxc5 Bxc5 14. Bxg7 Rg8 15. Bb2 Qd6 16. g3 h6 17. Nf3 Be4 18. O-O-O Rc8 19. Kb1 Ba3 20. Rc1 Bxb2 21. Kxb2 b5 22. Rhd1 Qc7 23. c3 Qa5 24. Nd4 Ke7 25. Qh5 Rc7 26. Qxh6 Rgc8 27. b4 Qb6 28. Qg5+ Kd7 29. Qf6 Ke8 30. f5 Bxf5 31. Nxf5 Qf2+ 32. Rc2 Qxf5 33. Qxf5 exf5 34. Rxd5 f4 35. gxf4 Rc4 36. Rd4 Ke7 37. h4 Kf6 38. h5 Kg7 39. Rg2+ Kh6 40. Rd6+ Kxh5 41. Rxa6 Rxc3 42. Rf6 R3c7 43. Rf5+ Kh6 44. Rfg5 1-0


[Site "https://www.chess.com"]

[Event "Titled Tuesday Blitz August 08 Late 2023"]
[White "Mazibuko, Khanya"]
[Black "Geivondian, Arman"]
[WhiteFideId "14321041"]
[BlackFideId "24102032"]
[WhiteElo "2342"]
[BlackElo "2499"]
[Result "1-0"]
[Round "6"]
[TimeControl "180+1"]
[Date "2023.08.08"]
[WhiteClock "0:00:08"]
[BlackClock "0:00:12"]
[Board "109"]

1. e4 c6 2. d4 d5 3. e5 Bf5 4. Ne2 e6 5. Ng3 Bg6 6. h4 h6 7. h5 Bh7 8. Bd3 Bxd3 9. cxd3 Qb6 10. Be3 Nd7 11. O-O Rc8 12. Nd2 Qa6 13. Nb3 b6 14. f4 Ne7 15. f5 Nxf5 16. Nxf5 exf5 17. Rxf5 Be7 18. Qg4 Qxd3 19. Rf3 g5 20. Bxg5 Bxg5 21. Rxd3 Nf8 22. e6 Nxe6 23. Re1 O-O 24. Nd2 Rce8 25. Nf3 Kg7 26. Qf5 Bf6 27. Ne5 Ng5 28. Rg3 Re6 29. Rf1 Rfe8 30. Ng4 Bxd4+ 31. Kh1 Re1 32. Rxe1 Rxe1+ 33. Kh2 Bg1+ 34. Kh1 Bc5+ 35. Kh2 Bg1+ 36. Kh1 Bf2+ 37. Kh2 Bxg3+ 38. Kxg3 Re6 39. Qf4 c5 40. Qc7 a5 41. Kh2 d4 42. Ne5 Kf6 43. Nd7+ Kg7 44. Nxb6 d3 45. Nc4 Ne4 46. Qxa5 Nf6 47. Qc3 Kf8 48. Qxd3 Nxh5 49. Qd8+ Kg7 50. Qh4 Nf6 51. Qg3+ Kf8 52. Qb8+ Kg7 53. Qg3+ Kf8 54. Qc7 Re4 55. Qxc5+ Kg7 56. Ne5 Kg8 57. Nf3 Kg7 58. b4 Re2 59. a4 Ng4+ 60. Kg3 Ne3 61. Qe5+ Kg8 62. Qb8+ Kh7 63. Nh4 Nd5 64. Qf8 Re3+ 65. Kf2 Re5 66. Qxf7+ Kh8 67. Ng6# 1-0


[Site "https://www.chess.com"]

[Event "Titled Tuesday Blitz August 08 Late 2023"]
[White "ciroreva-CB"]
[Black "Bochnicka, Vladimir"]
[BlackFideId "14943450"]
[WhiteElo "2341"]
[BlackElo "2492"]
[Result "0-1"]
[Round "6"]
[TimeControl "180+1"]
[Date "2023.08.08"]
[WhiteClock "0:00:00"]
[BlackClock "0:00:31"]
[Board "110"]

1. e4 e5 2. Nf3 Nc6 3. Nc3 Nf6 4. h3 Bb4 5. Nd5 Bc5 6. d3 O-O 7. Bg5 Be7 8. Nxe7+ Qxe7 9. Be2 h6 10. Bh4 d6 11. O-O Nd8 12. Qd2 Ne6 13. Rfe1 Nf4 14. Bf1 g5 15. Bg3 N6h5 16. d4 Qf6 17. dxe5 dxe5 18. Bh2 g4 19. hxg4 Bxg4 20. Qc3 Rfe8 21. Re3 Kh7 22. Bxf4 Nxf4 23. g3 Ng6 24. Bg2 c6 25. Rd1 Rad8 26. Red3 Rxd3 27. Rxd3 Rg8 28. Qb4 Bxf3 29. Rxf3 Qe7 30. Qxe7 Nxe7 31. Rxf7+ Rg7 32. Rxg7+ Kxg7 33. Kf1 Kf6 34. Ke2 Nc8 35. f4 Nd6 36. Kd3 b6 37. b4 c5 38. a3 Ke6 39. Bh3+ Kf6 40. bxc5 bxc5 41. c4 Nb7 42. Bg2 Na5 43. Kc3 Ke6 44. Bf1 Kf6 45. Bd3 Nc6 46. Kd2 Nd4 47. Ke3 a5 48. Kf2 Kg6 49. Kg2 Kh5 50. fxe5 Kg6 51. Kh3 Kf7 52. Kg4 Kg6 53. Kf4 Ne6+ 54. Kg4 Nd4 55. e6 Nxe6 56. e5+ Kg7 57. Kh5 Nd4 58. g4 Nf3 0-1


[Site "https://www.chess.com"]

[Event "Titled Tuesday Blitz August 08 Late 2023"]
[White "Lopez Gracia, Fernando"]
[Black "Cheng, Xiao"]
[WhiteFideId "2207184"]
[BlackFideId "2022915"]
[WhiteElo "2338"]
[BlackElo "2478"]
[Result "1-0"]
[Round "6"]
[TimeControl "180+1"]
[Date "2023.08.08"]
[WhiteClock "0:01:00"]
[BlackClock "0:01:08"]
[Board "111"]

1. e4 c5 2. Nf3 e6 3. d4 cxd4 4. Nxd4 d6 5. c4 a6 6. Nc3 g6 7. Be2 Bg7 8. Be3 Nf6 9. h4 h5 10. Qd2 Qc7 11. f3 Nbd7 12. O-O-O Ne5 13. b3 Nfd7 14. f4 Ng4 15. Bxg4 hxg4 16. Nde2 Bf8 17. Kb1 Be7 18. g3 Nc5 19. Bd4 Rh5 20. e5 dxe5 21. Bxe5 Rxe5 22. fxe5 Qxe5 23. Qf4 Qg7 24. h5 e5 25. h6 Qh8 26. Qe3 Bf5+ 27. Ka1 Rc8 28. Nd5 e4+ 29. Nec3 Bf6 30. Nxf6+ Qxf6 31. h7 Ke7 32. Kb1 Ne6 33. Nd5+ 1-0


[Site "https://www.chess.com"]

[Event "Titled Tuesday Blitz August 08 Late 2023"]
[White "Gaal, Zsoka"]
[Black "Fernandez Siles, Luis"]
[WhiteFideId "777765"]
[BlackFideId "2209420"]
[WhiteElo "2477"]
[BlackElo "2338"]
[Result "1-0"]
[Round "6"]
[TimeControl "180+1"]
[Date "2023.08.08"]
[WhiteClock "0:00:14"]
[BlackClock "0:00:00"]
[Board "112"]

1. Nf3 Nf6 2. g3 g6 3. b3 Bg7 4. Bb2 c5 5. Bg2 d5 6. O-O Nc6 7. c4 d4 8. e3 O-O 9. exd4 cxd4 10. d3 e5 11. Re1 Re8 12. b4 Qc7 13. b5 Nb8 14. Nbd2 Nbd7 15. Nb3 Nc5 16. a4 Bf5 17. Nxc5 Qxc5 18. Ba3 Qc7 19. c5 Rad8 20. Rc1 Nd5 21. Nxd4 exd4 22. Rxe8+ Rxe8 23. Bxd5 Bh6 24. Rb1 Re5 25. Bg2 Bf8 26. b6 axb6 27. cxb6 Qd7 28. Bxf8 Kxf8 29. Rc1 Kg7 30. h4 Qe7 31. Rc7 Qb4 32. Qf3 Qxb6 33. Rxb7 Qf6 34. g4 Bc8 35. Qxf6+ Kxf6 36. Rb4 Bd7 37. Rxd4 Be8 38. Bf3 Ra5 39. Bd1 h5 40. g5+ Kg7 41. Kf1 f6 42. gxf6+ Kxf6 43. f4 Bd7 44. Bb3 Kf5 45. Rxd7 Kxf4 46. Kf2 Rf5 47. Rf7 1-0


[Site "https://www.chess.com"]

[Event "Titled Tuesday Blitz August 08 Late 2023"]
[White "Cheer_Down"]
[Black "Castella Garcia, Fausto"]
[BlackFideId "3501922"]
[WhiteElo "2468"]
[BlackElo "2338"]
[Result "1-0"]
[Round "6"]
[TimeControl "180+1"]
[Date "2023.08.08"]
[WhiteClock "0:00:12"]
[BlackClock "0:00:02"]
[Board "113"]

1. e4 c5 2. Nf3 Nf6 3. e5 Nd5 4. g3 Nc6 5. Bg2 d6 6. exd6 Qxd6 7. O-O g6 8. d4 Bg7 9. c4 Nb6 10. d5 Nd4 11. Nxd4 Bxd4 12. Na3 Bd7 13. Nc2 Bg7 14. Bf4 Qf6 15. b3 O-O 16. Re1 Rfe8 17. Be5 Qf5 18. Bxg7 Kxg7 19. Qd2 Qf6 20. h4 h5 21. Qg5 Qxg5 22. hxg5 a5 23. a4 Nc8 24. Re3 Bf5 25. Ne1 Nd6 26. Nf3 Be4 27. Nd2 Bxg2 28. Kxg2 Nf5 29. Re4 f6 30. Nf3 Kf7 31. Rae1 Nd6 32. Re6 Rad8 33. Nh4 Nf5 34. Nxf5 gxf5 35. f4 fxg5 36. fxg5 Rd7 37. Rh1 Rh8 38. Kf3 Rd6 39. g6+ Kf8 40. Kf4 Kg7 41. Rxe7+ Kf8 42. Re6 Rxe6 43. dxe6 Ke7 44. Kxf5 Rf8+ 45. Ke5 Rf6 46. Rxh5 Rxe6+ 47. Kd5 Rxg6 48. Rh7+ Kd8 49. Rxb7 Rxg3 50. Kxc5 Kc8 51. Rb5 1-0


[Site "https://www.chess.com"]

[Event "Titled Tuesday Blitz August 08 Late 2023"]
[White "Ljukin, Sergei"]
[Black "Gerbelli Neto, Eduardo"]
[WhiteFideId "14102200"]
[BlackFideId "2103281"]
[WhiteElo "2465"]
[BlackElo "2327"]
[Result "1-0"]
[Round "6"]
[TimeControl "180+1"]
[Date "2023.08.08"]
[WhiteClock "0:00:09"]
[BlackClock "0:00:29"]
[Board "114"]

1. e4 e5 2. Nf3 Nc6 3. Bb5 a6 4. Ba4 d6 5. c3 f5 6. exf5 Bxf5 7. O-O Bd3 8. Re1 Be7 9. Bc2 Bxc2 10. Qxc2 Nf6 11. d3 O-O 12. Qb3+ Kh8 13. Qxb7 Qd7 14. Qb3 Qf5 15. Qc2 d5 16. Nbd2 Bd6 17. Qa4 Ne7 18. Nf1 Ng6 19. Ng3 Qe6 20. c4 h6 21. cxd5 Nxd5 22. Qc4 Ngf4 23. Bxf4 Rxf4 24. Re4 Raf8 25. Rae1 Rxf3 26. gxf3 Rxf3 27. d4 Nf4 28. Qxe6 Nxe6 29. dxe5 Bc5 30. R4e2 Nf4 31. Rc2 Bxf2+ 32. Rxf2 Nh3+ 33. Kg2 Rxf2+ 34. Kxh3 Rxb2 35. e6 Rb8 36. Nf5 Re8 37. Nd4 Kg8 38. Rc1 Re7 39. Rc6 a5 40. Ra6 g5 41. Rxa5 Kg7 42. Rc5 Kf6 43. a4 h5 44. Rf5+ Kg6 45. a5 Rxe6 46. Nxe6 Kxf5 47. a6 Kxe6 48. a7 Kf5 49. a8=Q g4+ 50. Kh4 1-0


[Site "https://www.chess.com"]

[Event "Titled Tuesday Blitz August 08 Late 2023"]
[White "Shapiro, Daniel"]
[Black "KrokerGuy"]
[WhiteFideId "2001780"]
[WhiteElo "2327"]
[BlackElo "2460"]
[Result "0-1"]
[Round "6"]
[TimeControl "180+1"]
[Date "2023.08.08"]
[WhiteClock "0:00:00"]
[BlackClock "0:00:02"]
[Board "115"]

1. d4 d5 2. c4 e6 3. Nf3 Nf6 4. g3 Bb4+ 5. Bd2 Be7 6. Qc2 O-O 7. Bg2 a6 8. cxd5 exd5 9. O-O Re8 10. a3 g6 11. Nc3 Bf8 12. Rfd1 Bg7 13. Rac1 c6 14. b4 Bf5 15. Qb3 Ne4 16. Be1 Nxc3 17. Rxc3 Rxe2 18. Bf1 Re8 19. a4 Nd7 20. b5 axb5 21. axb5 Qb6 22. bxc6 Qxb3 23. Rxb3 bxc6 24. Rc1 Rec8 25. h3 Be4 26. Bg2 Bxf3 27. Bxf3 Bxd4 28. Rb7 Nc5 29. Rb4 Ne6 30. Rbb1 Bg7 31. Bg2 Nd4 32. Rd1 Ne2+ 33. Kf1 Nc3 34. Bxc3 Bxc3 35. Rdc1 d4 36. Be4 Ra2 37. Rb6 c5 38. Rb7 Ra6 39. Bd5 Rf6 40. Rc2 Rd8 41. Bc4 Kg7 42. Re2 d3 0-1


[Site "https://www.chess.com"]

[Event "Titled Tuesday Blitz August 08 Late 2023"]
[White "Arnold, Ken"]
[Black "Skaric, Djuro"]
[WhiteFideId "2056836"]
[BlackFideId "934569"]
[WhiteElo "2459"]
[BlackElo "2324"]
[Result "1-0"]
[Round "6"]
[TimeControl "180+1"]
[Date "2023.08.08"]
[WhiteClock "0:00:39"]
[BlackClock "0:01:12"]
[Board "116"]

1. d4 g6 2. Nf3 Bg7 3. c3 d6 4. Bf4 Nf6 5. e3 O-O 6. Nbd2 Nc6 7. h3 h6 8. Bh2 Nd7 9. Bc4 e5 10. Qc2 Kh7 11. O-O f5 12. dxe5 dxe5 13. Rad1 Qe7 14. b4 Nb6 15. Bb3 a6 16. a4 Be6 17. a5 Nd7 18. Bxe6 Qxe6 19. Nb3 Rf7 20. Rd2 b6 21. Ra1 bxa5 22. Nxa5 e4 23. Nd4 Nxd4 24. exd4 Nb6 25. Qa2 Qd7 26. Nc6 Qxc6 27. Qxf7 Qxc3 28. Rda2 Qxd4 29. Qxc7 Nd5 30. Qc6 Rb8 31. Rxa6 Nxb4 32. Qxg6+ Kh8 33. Ra8 Rd8 34. Qd6 Qxd6 35. Bxd6 Nc6 36. Rxd8+ Nxd8 37. Ra8 Bf6 38. Bc7 1-0


[Site "https://www.chess.com"]

[Event "Titled Tuesday Blitz August 08 Late 2023"]
[White "Harish, Neeraj"]
[Black "Vovk, Orest"]
[WhiteFideId "30958130"]
[BlackFideId "14113490"]
[WhiteElo "2325"]
[BlackElo "2457"]
[Result "0-1"]
[Round "6"]
[TimeControl "180+1"]
[Date "2023.08.08"]
[WhiteClock "0:01:35"]
[BlackClock "0:02:16"]
[Board "117"]

1. e4 g5 2. d4 g4 3. Nc3 Bg7 4. Be3 h5 5. Qd2 c5 6. d5 Qa5 7. h3 Bxc3 8. bxc3 d6 9. hxg4 Bxg4 10. f3 Bd7 11. g4 h4 12. Ne2 Bb5 13. Nf4 Bxf1 14. Kxf1 Nd7 15. Kf2 Ne5 16. Rab1 O-O-O 17. Rb3 Nf6 18. Rhb1 Nexg4+ 19. fxg4 Nxe4+ 20. Ke2 Nxd2 21. Rxb7 Nxb1 0-1


[Site "https://www.chess.com"]

[Event "Titled Tuesday Blitz August 08 Late 2023"]
[White "Lopez Idarraga, Daniel Eduardo"]
[Black "Luczak, Filip"]
[WhiteFideId "4405501"]
[BlackFideId "1193686"]
[WhiteElo "2323"]
[BlackElo "2454"]
[Result "0-1"]
[Round "6"]
[TimeControl "180+1"]
[Date "2023.08.08"]
[WhiteClock "0:02:54"]
[BlackClock "0:02:41"]
[Board "118"]

1. d4 d5 2. c4 e6 3. Nc3 c5 4. cxd5 exd5 5. g3 Nf6 6. Bg2 cxd4 7. Qxd4 Nc6 8. Qd3 d4 9. Ne4 Be7 10. Nf3 O-O 11. O-O Re8 12. Bg5 Nxe4 13. Qxe4 Bxg5 0-1


[Site "https://www.chess.com"]

[Event "Titled Tuesday Blitz August 08 Late 2023"]
[White "Omariev, Maksim"]
[Black "Stachanczyk, Jacek"]
[WhiteFideId "4193423"]
[BlackFideId "1116657"]
[WhiteElo "2453"]
[BlackElo "2322"]
[Result "0-1"]
[Round "6"]
[TimeControl "180+1"]
[Date "2023.08.08"]
[WhiteClock "0:00:01"]
[BlackClock "0:00:23"]
[Board "119"]

1. g4 e5 2. Bg2 h5 3. gxh5 Nf6 4. d4 exd4 5. Qxd4 d5 6. h6 Nc6 7. Qe3+ Be6 8. c3 Rxh6 9. Nf3 Qd7 10. Nbd2 O-O-O 11. Nb3 Rg6 12. Rg1 Kb8 13. Bd2 Ng4 14. Qf4 Bd6 15. Qa4 Bf5 16. h3 Nf6 17. O-O-O Nb4 18. Qxb4 Bxb4 19. cxb4 Ne4 20. Ne5 Qa4 21. Nxg6 Qxa2 22. Nd4 Bxg6 23. Bxe4 Bxe4 24. Bc3 g6 25. f3 Bf5 26. e4 dxe4 27. Nc6+ bxc6 28. Rxd8+ Kb7 29. fxe4 Qa1+ 30. Kd2 Qxg1 31. exf5 gxf5 32. Rd3 f4 33. Bd4 Qg2+ 34. Kc1 f3 35. Rd2 Qxh3 36. Kc2 Qf5+ 37. Kc3 Qe4 38. Bc5 f5 39. Rf2 Ka6 40. b3 Kb7 41. Ra2 a6 42. Rf2 Kc8 43. Rd2 f4 44. Kb2 Qe1 45. Kc2 Qe4+ 46. Kc3 Kb7 47. Kb2 a5 48. Kc3 axb4+ 49. Bxb4 Qe3+ 50. Rd3 Qe1+ 51. Kc4 Qe6+ 52. Kc3 f2 53. Rf3 Qe3+ 54. Rxe3 fxe3 55. Bc5 f1=Q 56. Bxe3 Qf3 57. Kd3 Ka6 58. b4 Kb5 59. Kd2 Kxb4 60. Bd4 Kc4 61. Bb2 Qd3+ 62. Kc1 Kb3 63. Ba3 Qc2# 0-1


[Site "https://www.chess.com"]